 Seeded DCSS version 0.30-a0-377-g5cb311bc9f (webtiles) character file.

Game seed: 12882034922843276435 (custom seed)

2 purpskrrrp the Conjurer (level 1, 0/10 HPs)
             Began as a Deep Elf Conjurer on Nov 28, 2022.
             Slain by a quokka (1 damage)
             ... on level 1 of the Dungeon.
             The game lasted 00:00:27 (87 turns).

purpskrrrp the Conjurer (Deep Elf Conjurer)           Turns: 87, Time: 00:00:28

Health: 0/10       AC:  2    Str:  4    XL:     1   Next: 25%
Magic:  3/6        EV: 12    Int: 22    God:
Gold:   0          SH:  0    Dex: 13    Spells: 5/6 levels left

rFire   . . .      SeeInvis .    (no weapon)
rCold   . . .      Faith    .    (no shield)
rNeg    . . .      Spirit   .    a - +0 robe
rPois   .          Reflect  .    (no helmet)
rElec   .          Harm     .    (no cloak)
rCorr   .          Rampage  .    (no gloves)
Will    .....                    (no boots)
Stlth   ++........               (no amulet)
HPRegen 0.21/turn                (no ring)
MPRegen 0.10/turn                (no ring)

@: no status effects
A: no striking features
a: no special abilities


You were on level 1 of the Dungeon.
You visited 1 branch of the dungeon, and saw 1 of its levels.

Inventory:

Armour
 a - a +0 robe (worn)
Scrolls
 c - a scroll of noise {unknown}
Potions
 b - a potion of magic


   Skills:
 - Level 2.4 Dodging
 - Level 2.4 Stealth
 * Level 3.1 Spellcasting
 + Level 4.4 Conjurations


You had 5 spell levels left.
You knew the following spells:

 Your Spells              Type           Power      Damage    Failure   Level
a - Magic Dart            Conj           88%        1d7       1%          1

Your spell library contained the following spells:

 Spells                   Type           Power      Damage    Failure   Level
 Searing Ray              Conj           44%        2d6       3%          2
 Dazzling Flash           Conj/Hex       26%        N/A       14%         3
 Fulminant Prism          Conj/Hex       6%         3d6       43%         4
 Iskenderun's Mystic Bla  Conj/Tloc      13%        2d5       43%         4


Dungeon Overview and Level Annotations

Branches:
Dungeon (1/15)

Altars:


Message History

The quokka bites you.
You are too injured to fight recklessly!
You are too injured to fight recklessly!
You are too injured to fight recklessly!
You are too injured to fight recklessly!
You are too injured to fight recklessly!
You are too injured to fight recklessly!
You are too injured to fight recklessly!
You are too injured to fight recklessly!
You are too injured to fight recklessly!
You are too injured to fight recklessly!
You are too injured to fight recklessly!
You are too injured to fight recklessly!
You are too injured to fight recklessly!
You are too injured to fight recklessly!
You are too injured to fight recklessly!
You are too injured to fight recklessly!
The quokka attacks as you move away! The quokka barely misses you.
The quokka misses you.
The quokka twitches its whiskers.
The quokka attacks as you move away! The quokka bites you.
The quokka attacks as you move away! The quokka barely misses you.
The quokka bites you.
* * * LOW HITPOINT WARNING * * *
Casting: Magic Dart (safe; 1% risk of failure)
Confirm with . or Enter, or press ? or * to list all spells.
Aiming: Magic Dart (safe; 1% risk of failure)
Press: ? - help, Shift-Dir - straight line, f/p - quokka
Aim: a quokka (100% to hit)
The magic dart hits the quokka but does no damage.
The quokka closely misses you.
Casting: Magic Dart (safe; 1% risk of failure)
Confirm with . or Enter, or press ? or * to list all spells.
Aiming: Magic Dart (safe; 1% risk of failure)
Press: ? - help, Shift-Dir - straight line, f/p - quokka
Aim: a quokka (100% to hit)
The magic dart hits the quokka.
The quokka is heavily wounded.
The quokka bites you.
You die...

#P.....P#~#P..#
##~##P...P##~##P.#
~~~~~.[<..~~~~~..#
##~##P...P##~##P.##
#P.....P#~#P.).#
................#
#####..#########.#
#............#
#@######.#####
#r### #.# #...# #.#
#...####.#
#........#
#...###### #.#.#
#.#.# #.#.#


You could see a quokka.

Vanquished Creatures
  A kobold (D:1)
  A rat (D:1)
2 creatures vanquished.

Notes
Turn   | Place    | Note
-------+----------+-------------------------------------------
     0 | D:1      | purpskrrrp the Deep Elf Conjurer began the quest for the
                  | Orb.
     0 | D:1      | Reached XP level 1. HP: 10/10 MP: 6/6
    87 | D:1      | Slain by a quokka

Illustrated notes

Levels and vault maps discovered:
D:1:      eino_arrival_water_cross, layout_basic

Action                   || total
-------------------------++-------
Melee: Unarmed           ||     5
 Cast: Magic Dart        ||     7
Armor: Robe              ||     1
Dodge: Dodged            ||     7

Table legend: (Time is in decaauts)
 A = Elapsed time spent in this place.
 B = Non-inter-level travel time spent in this place.
 C = Inter-level travel time spent in this place.
 D = Time resting spent in this place.
 E = Time spent auto-exploring this place.
 F = Levels seen in this place.
 G = Mean time per level.
                   A        B        C        D        E       F      G
               +--------+--------+--------+--------+--------+-----+--------+
         Total |     87 |     87 |      0 |      0 |     60 |   1 |   87.0 |
       Dungeon |     87 |     87 |      0 |      0 |     60 |   1 |   87.0 |
               +--------+--------+--------+--------+--------+-----+--------+

Top non-repeatable levels by time:
     D:1: 87 daAuts
